 Dungeon Crawl Stone Soup version 0.14-a0-3337-gf4615ed (webtiles) character file.

3409 Badjas the Covert (level 9, -1/63 HPs)
             Began as a Demonspawn Fighter on Mar 16, 2014.
             Was a Follower of Dithmenos.
             Killed by an exploding giant spore (42 damage)
             ... on Level 10 of the Dungeon.
             The game lasted 01:43:36 (11548 turns).

Badjas the Covert (Demonspawn Fighter)             Turns: 11548, Time: 01:43:38

HP  -1/63        AC  4     Str 16      XL: 9   Next: 70%
MP   8/8         EV 11     Int 10      God: Dithmenos [*.....]
Gold 104         SH  0     Dex 18      Spells:  0 memorised,  8 levels left

rFire  . . .     SeeInvis .     a - +6,+4 dagger (speed)
rCold  . . .     Rnd*Rage +     g - +0 leather armour
rNeg   . . .     Conserve .     c - +0 shield
rPois  .         rCorr    .     h - +0 helmet
rElec  .         rRot     .     (no cloak)
SustAb . .       Spirit   .     (no gloves)
rMut   .         Warding  .     (no boots)
Saprov . . .     Rnd*Tele +     (no amulet)
MR     ++...                    C - +1 ring of protection
                                q - ring of protection from magic

@: confused, wreathed by umbra, very resistant to hostile enchantments, stealthy
A: talons 2, repulsion field 2, agile 1, berserk 1, deformed body, low mp 1,
magic resistance 1, nightstalker 1, teleportitis 1
a: Renounce Religion


You were on level 10 of the Dungeon.
You worshipped Dithmenos.
Dithmenos was aware of your devotion.
You were not hungry.

You visited 2 branches of the dungeon, and saw 11 of its levels.

You collected 461 gold pieces.
You spent 357 gold pieces at shops.

Inventory:

Hand weapons
 a - a +6,+4 dagger of speed (weapon)
 b - a +1 blowgun
 f - a +0,+0 war axe
 j - a +1,+1 short sword of venom
 F - a +0,+0 bow
Missiles
 k - a throwing net (quivered)
 G - 18 arrows
 H - 25 poisoned needles
 I - 16 arrows of dispersal
Armour
 c - a +0 shield (worn)
 g - a +0 leather armour (worn)
 h - a +0 helmet (worn)
 u - a +0 chain mail
 x - a +0 scale mail
Magical devices
 o - a wand of confusion (10)
 p - a wand of polymorph (11)
 s - a wand of slowing (19)
 v - a wand of cold (0)
 A - a wand of fireball (3) {unknown}
Comestibles
 d - 4 bread rations
 J - a rotting chunk of bat flesh
 K - 4 rotting chunks of orc flesh
 M - a chunk of wolf flesh
 N - a chunk of jackal flesh
Scrolls
 l - 6 scrolls of identify
 n - 3 scrolls of fear
 r - 2 scrolls of amnesia
 w - 2 scrolls of random uselessness
 y - 2 scrolls of recharging
 z - 3 scrolls of remove curse
 B - 2 scrolls of teleportation
 D - a scroll of silence {unknown}
Jewellery
 q - a ring of protection from magic (left hand)
 t - an uncursed ring of protection from cold
 C - a +1 ring of protection (right hand)
Potions
 i - 2 potions of curing
 L - a potion of might
Books
 e - a book of the Warp

   Spells                             Type                      Level
   Control Teleport                   Charms/Translocation         4
   Phase Shift                        Translocation                5
   Warp Weapon                        Charms/Translocation         5
   Summon Forest                      Summoning/Translocation      5
   Dispersal                          Translocation                6
   Controlled Blink                   Translocation                7
   Disjunction                        Translocation                8
 m - a book of Clouds

   Spells                             Type                      Level
   Mephitic Cloud                     Conjuration/Poison/Air       3
   Conjure Flame                      Conjuration/Fire             3
   Poisonous Cloud                    Conjuration/Poison/Air       6
   Freezing Cloud                     Conjuration/Ice/Air          6
   Ring of Flames                     Charms/Fire                  7


   Skills:
 - Level 3.0 Fighting
 - Level 7.8 Short Blades
 - Level 2.5 Axes
 - Level 6.1 Armour
 * Level 8.7 Stealth
 - Level 2.6 Shields


You had 8 spell levels left.
You didn't know any spells.

Dungeon Overview and Level Annotations

Branches:
Dungeon (10/15)            Temple (1/1) D:7
    Orc: D:9-12        Lair: D:8-11

Altars:
Ashenzari
Cheibriados
Dithmenos
Elyvilon
Fedhas
Kikubaaqudgha
Makhleb
Nemelex Xobeh
Okawaru
Sif Muna
Trog
Vehumet
Xom
Yredelemnul
Zin
The Shining One

Shops:
D:9 ?

Annotations:
D:6 Prince Ribbit


Innate Abilities, Weirdness & Mutations

You have razor-sharp toenails.
You are surrounded by a moderate repulsion field (EV +3).
You are slightly more attuned to the shadows.
You are agile. (Dex +2)
You tend to lose your temper in combat.
Armour fits poorly on your strangely shaped body.
Your magical capacity is low (-10% MP).
You are resistant to hostile enchantments.
Space occasionally distorts in your vicinity.


Message History

You see here a poisoned needle.
b - a +1 blowgun (weapon)
The giant spore waves its rhizomes.
Firing (i - inventory. (,) - cycle):
H - 27 poisoned needles (quivered)
Press: ? - help, Shift-Dir - straight line, f - giant spore
Aim: a giant spore You shoot a poisoned needle.
The poisoned needle misses the giant spore.
Firing (i - inventory. (,) - cycle):
H - 26 poisoned needles (quivered)
Press: ? - help, Shift-Dir - straight line, f/p - giant spore
Aim: a giant spore You shoot a poisoned needle.
The poisoned needle hits the giant spore.
Your hands tingle!
a - a +6,+4 dagger of speed (weapon)
The giant spore explodes!
The explosion of spores engulfs you!
You are confused.
Ouch! That really hurt!
You die...

##.............#.... ##...
#.............#.... #..(
#.............#...# #...
###.###.......#...# ##.. ##
#.......#...# #..
#.......#...# #..
...######..#...# #..
........#.)#.%.### #..
........##@#.....########..
...........)...............[
.........().................
...........................##
######.(..................#
#.............####...#
#.............# #...#
#.............# #####
###############


There were no monsters in sight!

Vanquished Creatures
  A wyvern (D:8)
  Eustachio (D:5)
  2 wolves (D:10)
  A hungry ghost (D:7)
  An ice beast (D:5)
  2 orc warriors
  5 sky beasts
  A yellow wasp (D:8)
  An ogre (D:5)
  A centaur (D:5)
  A big kobold (D:9)
  A giant frog (D:7)
  3 scorpions
  A wight (D:9)
  5 crimson imps
  2 goliath beetles
  A centaur zombie (D:8)
  A gnoll shaman (D:5)
  7 hounds
  An elf skeleton (D:8)
  10 worker ants
  5 orc wizards
  A hound zombie (D:7)
  A hound skeleton (D:8)
  15 gnolls (D:5)
  A shadow imp (D:5)
  9 adders
  A giant mite (D:5)
  2 inept feature mimics (D:3)
  2 worms
  An adder zombie (D:5)
  An adder skeleton (D:6)
  4 giant geckos
  An ooze (D:4)
  20 orcs
  12 bats
  6 giant cockroaches
  6 goblins
  13 hobgoblins
  4 jackals
  5 quokkas
  2 ball pythons
  4 giant newts
  A hobgoblin skeleton (D:5)
  2 hobgoblin zombies
  15 kobolds
  14 rats
  A rat skeleton (D:5)
  7 ballistomycetes
205 creatures vanquished.

Vanquished Creatures (others)
  3 giant spores
  A ballistomycete (D:10)
  8 plants (D:6)
12 creatures vanquished.

Grand Total: 217 creatures vanquished

Notes
Turn   | Place    | Note
--------------------------------------------------------------
     0 | D:1      | Badjas, the Demonspawn Fighter, began the quest for the Orb.
     0 | D:1      | Reached XP level 1. HP: 18/18 MP: 1/1
   211 | D:1      | Gained mutation: You are slightly more attuned to the shadows. [demonic ancestry]
   211 | D:1      | Reached XP level 2. HP: 20/24 MP: 2/2
   795 | D:2      | Reached skill level 1 in Short Blades
   958 | D:2      | Reached XP level 3. HP: 25/29 MP: 3/3
  1695 | D:2      | Gained mutation: You are surrounded by a mild repulsion field (EV +2). [demonic ancestry]
  1695 | D:2      | Reached XP level 4. HP: 33/35 MP: 4/4
  2846 | D:4      | Found a basalt altar of Yredelemnul.
  2905 | D:4      | Gained mutation: You have sharp toenails. [demonic ancestry]
  2905 | D:4      | Reached XP level 5. HP: 32/41 MP: 5/5
  3403 | D:4      | Found a snail-covered altar of Cheibriados.
  3403 | D:4      | Found a burning altar of Makhleb.
  3526 | D:4      | Reached skill level 4 in Armour
  3540 | D:4      | Upgraded the game from 0.14-a0-3329-g86b2fc4 to 0.14-a0-3337-gf4615ed
  3852 | D:5      | Entered Level 5 of the Dungeon
  3894 | D:5      | Reached XP level 6. HP: 40/47 MP: 6/6
  4103 | D:5      | Found a basalt altar of Yredelemnul.
  4130 | D:5      | Noticed an ogre
  4181 | D:5      | Noticed an ice beast
  4589 | D:5      | Reached skill level 5 in Short Blades
  4693 | D:5      | Killed an ogre
  4693 | D:5      | Gained mutation: You have razor-sharp toenails. [demonic ancestry]
  4693 | D:5      | Reached XP level 7. HP: 52/52 MP: 7/7
  4772 | D:5      | Noticed Prince Ribbit
  5047 | D:5      | Noticed a centaur
  5054 | D:5      | Killed a centaur
  5261 | D:5      | Gained mutation: Space occasionally distorts in your vicinity. [potion of mutation]
  5261 | D:5      | Gained mutation: You are resistant to hostile enchantments. [potion of mutation]
  5261 | D:5      | Gained mutation: You are agile. (Dex +2) [potion of mutation]
  5305 | D:5      | Killed an ice beast
  5305 | D:5      | Reached skill level 6 in Short Blades
  5305 | D:5      | Reached skill level 5 in Armour
  5814 | D:5      | Found a sparkling altar of Nemelex Xobeh.
  6046 | D:5      | Noticed Eustachio
  6066 | D:5      | Killed Eustachio
  6066 | D:5      | Reached XP level 8. HP: 36/58 MP: 8/8
  6295 | D:5      | Reached skill level 7 in Short Blades
  7971 | D:6      | Reached skill level 1 in Stealth
  8084 | D:7      | Found a staircase to the Ecumenical Temple.
  8092 | Temple   | Entered the Ecumenical Temple
  8119 | Temple   | Became a worshipper of Dithmenos
  8641 | D:8      | Gained mutation: Armour fits poorly on your strangely shaped body. [potion of mutation]
  8641 | D:8      | Gained mutation: You tend to lose your temper in combat. [potion of mutation]
  8641 | D:8      | Gained mutation: Your magical capacity is low (-10% MP). [potion of mutation]
  8880 | D:8      | Gained mutation: You are surrounded by a moderate repulsion field (EV +3). [demonic ancestry]
  8880 | D:8      | Reached XP level 9. HP: 63/63 MP: 8/8
  9164 | D:8      | HP: 1/63 [wyvern (18)]
  9166 | D:8      | Reached skill level 5 in Stealth
 10310 | D:9      | Found Shroruirok's Magic Scroll Shoppe.
 10314 | D:9      | Bought a scroll of enchant weapon I for 49 gold pieces
 10314 | D:9      | Bought a scroll of enchant weapon I for 49 gold pieces
 10314 | D:9      | Bought a scroll of enchant weapon II for 77 gold pieces
 10314 | D:9      | Bought a scroll of enchant weapon I for 49 gold pieces
 10321 | D:9      | Bought a scroll of identify for 28 gold pieces
 10321 | D:9      | Bought a scroll of identify for 28 gold pieces
 10321 | D:9      | Bought a scroll of identify for 28 gold pieces
 10321 | D:9      | Bought a scroll of fear for 49 gold pieces
 10462 | D:9      | Found a bloodstained altar of Trog.
 10868 | D:10     | Entered Level 10 of the Dungeon
 11377 | D:10     | Reached skill level 8 in Stealth
 11548 | D:10     | Killed by an exploding giant spore

Action                   |  1- 3 |  4- 6 |  7- 9 || total
-------------------------+-------+-------+-------++-------
Melee: War axe           |    36 |       |       ||    36
       Short sword       |    95 |   212 |   281 ||   588
       Dagger            |       |       |   300 ||   300
 Fire: Blowgun           |       |     5 |    72 ||    77
Throw: Dart              |       |       |     3 ||     3
Evoke: Wand              |       |     1 |    14 ||    15
  Use: Potion            |     4 |     1 |    14 ||    19
       Scroll            |       |       |    20 ||    20
 Stab: Sleeping          |       |       |     9 ||     9
